 Dungeon Crawl Stone Soup version 0.30.0 (webtiles) character file.

Game seed: 3186661916075772897

115 dialectric the Covert (level 4, -1/23 HPs)
             Began as a Spriggan Delver on May 6, 2023.
             Killed from afar by Maggie (15 damage)
             ... with a bolt of fire
             ... on level 6 of the Dungeon.
             The game lasted 00:01:34 (343 turns).

dialectric the Covert (Spriggan Delver)              Turns: 343, Time: 00:01:34

Health: -1/23      AC:  2    Str:  8    XL:     4   Next: 68%
Magic:  5/5        EV: 18    Int: 11    God:
Gold:   17         SH:  0    Dex: 18    Spells: 0/3 levels left

rFire   . . .        a - +0 short sword
rCold   . . .        (no shield)
rNeg    . . .        b - +0 robe
rPois   .            (helmet restricted)
rElec   .            (no cloak)
rCorr   .            (gloves unavailable)
SInv    +            (boots unavailable)
Will    .....        (no amulet)
Stlth   ++++         (no ring)
HPRegen 0.23/turn    (no ring)
MPRegen 0.09/turn

%: no passive effects
@: attractive, mesmerised, very quick
A: very small, no large weapons, unfitting armour, see invisible, speed 3
a: no special abilities


You were on level 6 of the Dungeon.
You visited 1 branch of the dungeon, and saw 2 of its levels.

You collected 17 gold pieces.

Inventory:

Hand Weapons
 a - a +0 short sword (weapon)
Armour
 b - a +0 robe (worn)
Wands
 g - a wand of digging (3)
Scrolls
 c - a scroll of fog
 d - a scroll of magic mapping
 e - a scroll of fear
 h - a scroll of teleportation {unknown}
Potions
 f - a potion of haste


   Skills:
 * Level 2.8 Fighting
 + Level 2.4 Short Blades
 + Level 3.6 Dodging
 + Level 9.3 Stealth


You couldn't memorise any spells.
You knew the following spells:

 Your Spells              Type           Power      Damage    Failure   Level
a - Confusing Touch       Hex            0%         N/A       71%         3

Your spell library contained the following spells:

 Spells                   Type           Power      Damage    Failure   Level
 Kiss of Death            Conj/Necr      0%         2d5       34%         1
 Dispel Undead            Necr           0%         3d6       98%         4
 Leda's Liquefaction      Hex/Erth       0%         N/A       98%         4
 Lee's Rapid Deconstruct  Erth           0%         3d4*      100%        5
 Statue Form              Tmut/Erth      0%         N/A       100%        6


Dungeon Overview and Level Annotations

Branches:
Dungeon (6/15)
 Temple: D:4-7

Altars:

Annotations:
D:6 Maggie


Innate Abilities, Weirdness & Mutations

You are very small and have problems with some larger weapons.
You are too small for most types of armour.
You have supernaturally acute eyesight. (SInv)
You cover ground extremely quickly. (Speed+++)


Message History

You hit Maggie but do no damage.
Maggie is heavily wounded.
Maggie barely misses you.
You hit Maggie but do no damage.
Maggie is heavily wounded.
Maggie mumbles some strange words.
Maggie draws you further into her thrall.
Unknown command.
You cannot move away from Maggie!
You cannot move away from Maggie!
You cannot move away from Maggie!
Unknown command.
You cannot move away from Maggie!
You barely miss Maggie.
Maggie is heavily wounded.
Maggie hits you with a +0 long sword!
You hit Maggie but do no damage.
Maggie is heavily wounded.
Maggie completely misses you.
You hit Maggie but do no damage.
Maggie is heavily wounded.
Maggie hits you with a +0 long sword!
* * * LOW HITPOINT WARNING * * *
It was a potion of heal wounds.
You feel much better.
Maggie mumbles some strange words.
Maggie draws you further into her thrall.
It was a potion of attraction.
You feel attractive to monsters. Maggie hits you with a +0 long sword!
You hit Maggie but do no damage.
Maggie is heavily wounded.
You hit Maggie.
Maggie is heavily wounded.
Maggie closely misses you.
You hit Maggie.
Maggie is heavily wounded.
Maggie casts a spell at you. The bolt of fire hits you!
Ouch! That really hurt!
You die...

#.# #.#.....
#.# #.###.##
#.# #. #.#
#.# #. #.#
#.# #.# #.#
#.# #.# #.#
#.# #.# #.#
#.# #.# #.#
#@# #.# #.#
#@#
#######.###.#
...
............#
#####
######.######
#.......
########


You could see Maggie (mesmerising).

Vanquished Creatures
  A scorpion (D:5)
  A jelly (D:5)
  A hound (D:5)
3 creatures vanquished.

Notes
Turn   | Place    | Note
-------+----------+-------------------------------------------
     0 | D:5      | dialectric the Spriggan Delver began the quest for the Orb.
     0 | D:5      | Reached XP level 1. HP: 11/11 MP: 2/2
    33 | D:5      | Noticed an ogre
    52 | D:5      | Noticed a hound
    78 | D:5      | Noticed a scorpion
    81 | D:5      | Killed a scorpion
    82 | D:5      | Reached skill level 8 in Stealth
    82 | D:5      | Reached XP level 2. HP: 16/16 MP: 3/3
    82 | D:5      | Reached XP level 3. HP: 19/19 MP: 4/4
   102 | D:5      | Reached XP level 4. HP: 16/23 MP: 5/5
   114 | D:5      | Reached skill level 9 in Stealth
   215 | D:6      | Learned a level 3 spell: Confusing Touch
   320 | D:6      | Noticed Maggie
   338 | D:6      | HP: 1/23 [Maggie/+0 long sword (9)]
   343 | D:6      | Killed from afar by Maggie

Illustrated notes

Levels and vault maps discovered:
D:5:      layout_basic, uniq_pikel, uniq_grinder
D:6:      layout_basic, nicolae_hepliaklqana_monster_ancestors, serial_glass,
          glass_columns_a, glass_columns_a, portal_sewer_entry_d,
          uniq_prince_ribbit1, uniq_maggie

Skill      XL: |  1  2  3  4 |
---------------+-------------+-----
Stealth        | 8 9 |  9.3
Dodging        | 3 |  3.6
Fighting       | |  2.8
Short Blades   | |  2.4

Action                     |  1- 3 |  4- 6 || total
---------------------------+-------+-------++-------
  Melee: Short sword       |    10 |    19 ||    29
  Throw: Dart              |     2 |       ||     2
    Use: Potion            |       |     2 ||     2
   Stab: Sleeping          |     1 |     2 ||     3
 Armour: Robe              |     1 |       ||     1
  Dodge: Dodged            |    11 |     8 ||    19
